 Dungeon Crawl Stone Soup version 0.26-a0-1086-g9010512d90 (webtiles) character file.

Game seed: 9997899263393592495

11 wythoutpain the Vexing (level 2, 14/14 HPs)
             Began as a Spriggan Arcane Marksman on Dec 14, 2020.
             Quit the game on level 1 of the Dungeon.
             The game lasted 00:06:31 (246 turns).

wythoutpain the Vexing (Spriggan Arcane Marksman)    Turns: 246, Time: 00:06:32

Health: 14/14      AC:  2    Str:  6    XL:     2   Next: 13%
Magic:  5/5        EV: 18    Int: 14    God:
Gold:   38         SH:  0    Dex: 16    Spells: 2/3 levels left

rFire    . . .     SeeInvis +   a - +0 shortbow
rCold    . . .     Faith    .   (shield currently unavailable)
rNeg     . . .     Spirit   .   e - +0 robe
rPois    .         Reflect  .   (helmet restricted)
rElec    .         Harm     .   (no cloak)
rCorr    .         Rampage  .   (gloves unavailable)
Will     .....                  (boots unavailable)
Stlth    +.........             (no amulet)
HPRegen  0.04/turn              (no ring)
MPRegen  0.09/turn              (no ring)

@: very quick
A: very small, unfitting armour, see invisible, speed 3
a: no special abilities


You were on level 1 of the Dungeon.
You visited 1 branch of the dungeon, and saw 1 of its levels.

You collected 38 gold pieces.

Inventory:

Hand Weapons
 a - a +0 shortbow (weapon)
Missiles
 d - 18 arrows (quivered ammo)
Armour
 e - a +0 robe (worn)
Scrolls
 c - 2 scrolls of identify {unknown}
Potions
 b - a potion of curing {unknown}


   Skills:
 + Level 0.7 Fighting
 + Level 3.0 Bows
 + Level 3.2 Dodging
 + Level 1.3 Spellcasting
 + Level 3.9 Hexes


You had 2 spell levels left.
You knew the following spells:

 Your Spells              Type           Power        Failure   Level
a - Corona                Hex            ##.....      4%          1

Your spell library contained the following spells:

 Spells                   Type           Power        Failure   Level
 Slow                     Hex            ##......     8%          2
 Inner Flame              Hex/Fire       #.......     34%         3
 Portal Projectile        Hex/Tloc       #.....       34%         3
 Cause Fear               Hex            ##........   45%         4
 Leda's Liquefaction      Hex/Erth       #.........   75%         4


Dungeon Overview and Level Annotations

Branches:
Dungeon (1/15)

Altars:


Innate Abilities, Weirdness & Mutations

You are very small and have problems with some larger weapons.
You are too small for most types of armour.
You have supernaturally acute eyesight. (SInv)
You cover ground extremely quickly.


Message History

Press: ? - help, Q - select action, (/) - cycle Shift-Dir - straight line, f/p - dart slug
Aim: a dart slug (almost dead, softly glowing)
You shoot an arrow.
The arrow completely misses the dart slug.
Fire: 14 arrows
Press: ? - help, Q - select action, (/) - cycle Shift-Dir - straight line, f/p - dart slug
Aim: a dart slug (almost dead, softly glowing)
You shoot an arrow. The arrow hits the dart slug.
You kill the dart slug!
Your Bows skill increases to level 3!
d - 15 arrows (gained 2)
Found 7 gold pieces.
d - 17 arrows (gained 2)
c - a scroll labelled DEOSHENUDD
c - 2 scrolls labelled DEOSHENUDD (gained 1)
d - 18 arrows (gained 1)
You see here a +0 dagger.
Found a stone staircase leading down.
You now have 38 gold pieces (gained 7).
Are you sure you want to abandon this character and quit the game? (Confirm with "yes".)

#.# #.## #. #... #..
#.. .# #.# #.. .. #.#
#.# # #. #.# # #.#
#.##. #.# .# #.####
... #.##..#
)....######.#+#.@..>##
.........###.........#
.....................#
...........#.........#
#####......###########
#......# #.)..###
#....# #....#


There were no monsters in sight!

Vanquished Creatures
  A dart slug (D:1)
  A giant cockroach (D:1)
  2 goblins (D:1)
  2 kobolds (D:1)
  A bat (D:1)
  A frilled lizard (D:1)
  A rat (D:1)
9 creatures vanquished.

Notes
Turn   | Place    | Note
-------+----------+-------------------------------------------
     0 | D:1      | wythoutpain the Spriggan Arcane Marksman began the quest
                  | for the Orb.
     0 | D:1      | Reached XP level 1. HP: 9/9 MP: 3/3
   206 | D:1      | Reached XP level 2. HP: 14/14 MP: 5/5
   246 | D:1      | Quit the game

Illustrated notes

Levels and vault maps discovered:
D:1:      ldierk_water_garden, layout_basic, supply_closet_lemuel

Skill      XL: |  1  2 |
---------------+-------+-----
Bows           | 3 |  3.0
Fighting       | |  0.7
Dodging        | |  3.2
Spellcasting   | |  1.3
Hexes          | |  3.9

Action                   || total
-------------------------++-------
 Fire: Shortbow          ||    24
 Cast: Corona            ||     8
Dodge: Dodged            ||     9

Table legend: (Time is in decaauts)
 A = Elapsed time spent in this place.
 B = Non-inter-level travel time spent in this place.
 C = Inter-level travel time spent in this place.
 D = Time resting spent in this place.
 E = Time spent auto-exploring this place.
 F = Levels seen in this place.
 G = Mean time per level.
                   A        B        C        D        E       F      G
               +--------+--------+--------+--------+--------+-----+--------+
         Total |    188 |    188 |      0 |     15 |     69 |   1 |  188.0 |
       Dungeon |    188 |    188 |      0 |     15 |     69 |   1 |  188.0 |
               +--------+--------+--------+--------+--------+-----+--------+

Top non-repeatable levels by time:
     D:1: 188 daAuts
